Map: Efflorescence LE

Players

redecs

  • Race: Protoss Protoss
  • Spawn Location: 12:00

Mihai

  • Race: Terran Terran
  • Spawn Location: 3:00

qqq - Winner!

  • Race: Zerg Zerg
  • Spawn Location: 6:00

Massa - Winner!

  • Race: Terran Terran
  • League: Platinum
  • Spawn Location: 9:00

VOD

Have the link to the VOD?

Description

Time

  • Played on: Oct. 23, 2020, 3:46 p.m.
  • Length: 7:54
Show
View Real Time Build Order
Export as new Build Order

redecs Protoss 

Build Orders:  

Get SALT Encoding   

  12  0:00  Probe  
  13  0:15  Pylon  
  13  0:22  Probe (Chrono Boost)  
  14  0:32  Probe (Chrono Boost)  
  15  0:37  Probe (Chrono Boost)  
  16  0:44  Forge  
  16  0:49  Probe  
  17  0:53  Pylon  
  18  1:04  Probe  
  18  1:14  Gateway  
  18  1:16  Probe  
  19  1:22  Gateway  
  19  1:36  Photon Cannon  
  19  1:42  Gateway  
  19  1:53  Gateway  
  19  2:01  Pylon  
  19  2:08  Zealot (Chrono Boost)  
  21  2:09  Zealot (Chrono Boost)  
  23  2:26  Zealot (Chrono Boost)  
  23  2:27  Zealot  
  27  2:31  Photon Cannon  
  27  2:35  Zealot  
  29  2:42  Zealot  
  33  3:00  Zealot x2 (Chrono Boost)  
  33  3:03  Zealot (Chrono Boost)  
  29  3:20  Zealot (Chrono Boost)  
  33  3:28  Zealot x2 (Chrono Boost)  
  33  3:39  Zealot  
  33  3:40  Zealot  
  29  3:51  Zealot x2 (Chrono Boost)  
  33  4:07  Zealot (Chrono Boost)  
  35  4:15  Zealot (Chrono Boost)  
  35  4:25  Zealot x2 (Chrono Boost)  
  35  4:28  Zealot (Chrono Boost)  
  37  4:35  Zealot  
  37  4:45  Zealot  
  37  4:49  Zealot  
  37  4:51  Zealot  
  39  4:58  Pylon  
  35  5:02  Zealot  
  37  5:12  Zealot  
  35  5:16  Zealot  
  35  5:19  Zealot  
  33  5:29  Zealot  
  33  5:40  Zealot  
  29  5:44  Zealot (Chrono Boost)  
  29  5:46  Zealot (Chrono Boost)  
  31  6:02  Zealot (Chrono Boost)  
  31  6:10  Zealot (Chrono Boost)  
  31  6:14  Zealot (Chrono Boost)  
  31  6:17  Zealot (Chrono Boost)  
  33  6:23  Zealot (Chrono Boost)  
  29  6:30  Zealot  
  31  6:34  Zealot  
  31  6:38  Zealot  
  33  6:50  Zealot  
  31  6:57  Zealot  
  31  7:01  Zealot  
  35  7:05  Zealot  
  35  7:17  Zealot  
  29  7:24  Zealot  
  35  7:42  Pylon  
Show
View Real Time Build Order
Export as new Build Order

Mihai Terran 

Build Orders:  

Get SALT Encoding   

  12  0:01  SCV  
  13  0:15  Supply Depot  
  13  0:25  SCV  
  14  0:37  SCV  
  15  0:46  Refinery  
  15  0:49  SCV  
  16  0:53  Barracks  
  16  1:16  Barracks  
  16  1:18  SCV  
  17  1:30  SCV  
  17  1:32  Supply Depot  
  18  1:42  SCV, Marine  
  20  1:52  Barracks  
  20  1:54  SCV  
  20  2:00  Marine  
  22  2:03  Marine  
  22  2:06  SCV  
  24  2:09  Supply Depot  
  24  2:18  Marine  
  24  2:19  SCV  
  24  2:21  Marine  
  27  2:36  Marine  
  28  2:39  Marine  
  28  2:43  Marine  
  30  2:53  Marine  
  30  2:57  Marine  
  32  2:59  Factory  
  32  3:01  Marine  
  30  3:11  Marine  
  30  3:14  Marine  
  30  3:19  Marine  
  29  3:29  Marine  
  29  3:32  Barracks, Marine  
  31  3:47  Marine  
  30  3:50  Marine  
  30  3:51  Marine  
  27  4:05  Marine  
  27  4:08  Marine  
  27  4:09  Marine  
  29  4:22  Marine x2  
  31  4:26  Marine  
  31  4:27  Marine  
  32  4:40  Marine x2  
  32  4:43  Factory Tech Lab, Marine  
  32  4:44  Marine  
  28  4:58  Marine x2  
  30  5:01  Marine  
  30  5:02  Marine  
  32  5:11  Siege Tank  
  34  5:15  Marine  
  34  5:16  Marine  
  34  5:19  Marine  
  34  5:20  Marine  
  33  5:33  Marine  
  33  5:34  Marine  
  32  5:37  Marine  
  32  5:38  Marine  
  30  5:51  Marine  
  30  5:52  Marine, Siege Tank  
  30  5:55  Marine  
  30  5:56  Marine  
  31  6:05  Barracks  
  31  6:09  Marine x2  
  33  6:13  Marine x2  
  32  6:27  Marine x2  
  32  6:30  Marine  
  32  6:31  Marine  
  33  6:44  Marine  
  33  6:45  Marine  
  35  6:48  Marine  
  35  6:49  Marine  
  36  7:00  Siege Tank  
  37  7:02  Marine x2  
  39  7:10  Supply Depot  
  39  7:14  Marine  
  39  7:17  Marine x2  
  39  7:19  Marine  
  36  7:23  Marine  
  37  7:32  Marine  
  37  7:35  Marine x2  
Show
View Real Time Build Order
Export as new Build Order

qqq Zerg - Winner!

Build Orders: Hatch First 

Get SALT Encoding   

  12  0:04  Drone  
  13  0:08  Drone  
  14  0:37  Hatchery  
  14  0:40  Drone  
  14  1:00  Spawning Pool  
  13  1:08  Drone  
  14  1:26  Extractor, Overlord x2  
  13  1:47  Queen  
  13  1:52  Drone x3  
  18  1:55  Drone  
  19  2:03  Zergling x2  
  20  2:14  Zergling x2  
  21  2:27  Drone x3  
  21  2:28  Queen  
  26  2:36  Metabolic Boost  
  26  2:42  Zergling x2  
  27  2:44  Zergling x2  
  27  2:48  Drone  
  27  2:51  Zergling x2  
  29  3:08  Zergling x4  
  29  3:09  Drone, Zergling x4  
  29  3:10  Drone  
  34  3:16  Zergling x2  
  34  3:26  Zergling x4  
  31  3:51  Zergling x6  
  31  3:52  Zergling x4  
  35  4:10  Zergling x2  
  35  4:11  Overlord x2  
  35  4:13  Lair  
  36  4:21  Extractor  
  36  4:23  Extractor  
  34  4:24  Drone  
  34  4:25  Drone  
  34  4:26  Overlord x3  
  34  4:40  Zergling x2, Overlord  
  34  4:41  Drone  
  33  5:03  Zergling x4  
  33  5:04  Drone, Zergling x2  
  37  5:08  Drone x4  
  40  5:25  Drone x2, Spire  
  40  5:44  Drone x2, Zergling x2  
  40  5:45  Drone  
  39  5:54  Zergling x2  
  40  5:57  Drone x3  
  40  5:58  Drone x3  
  45  6:12  Zergling x8  
  47  6:29  Drone  
  47  6:30  Drone x2  
  47  6:31  Drone x2  
  52  6:34  Extractor  
  52  6:36  Mutalisk  
  52  6:37  Mutalisk x3  
  59  6:44  Mutalisk x3  
  65  6:53  Mutalisk  
  65  7:01  Mutalisk  
  67  7:08  Overlord x2  
  67  7:09  Overlord  
  67  7:10  Drone x5  
  70  7:24  Mutalisk  
  70  7:25  Mutalisk  
Show
View Real Time Build Order
Export as new Build Order

Massa Terran - Winner!

Build Orders:  

Get SALT Encoding   

  12  0:00  SCV  
  13  0:12  SCV  
  14  0:24  SCV  
  14  0:27  Supply Depot  
  15  0:34  Refinery  
  15  0:49  SCV  
  16  0:50  Barracks  
  16  1:01  SCV  
  17  1:30  Barracks  
  17  1:31  Barracks  
  17  1:32  Supply Depot  
  17  1:40  Bunker  
  17  1:46  Reaper  
  18  1:52  SCV  
  19  2:18  Marine  
  20  2:28  Marine x2  
  22  2:33  Factory  
  22  2:36  Marine  
  23  2:46  Marine x2  
  25  2:52  Bunker  
  25  2:54  Marine  
  26  3:07  Marine x2  
  26  3:11  Marine  
  28  3:18  Factory Tech Lab  
  26  3:25  Marine x2  
  28  3:28  Bunker  
  28  3:29  Marine  
  29  3:35  Orbital Command  
  26  3:43  Marine  
  23  4:02  Marine  
  22  4:04  Marine x2  
  24  4:20  Marine  
  24  4:21  Marine x2  
  27  4:27  Siege Tank  
  30  4:38  Marine  
  29  4:55  Marine  
  29  4:59  Marine  
  31  5:04  Supply Depot  
  31  5:15  Marine x2  
  31  5:16  Marine  
  31  5:26  Siege Tank  
  31  5:27  Supply Depot  
  33  5:56  Marine x3  
  31  6:14  Marine x3  
  28  6:28  Siege Tank  
  28  6:32  Marine x3  
  33  6:37  Bunker  
  29  6:49  Marine  
  29  6:50  Marine x2  
  27  7:07  Marine x3  
  30  7:10  Starport  
  26  7:24  Barracks  
  26  7:25  Marine x3  
  30  7:30  SCV  
  30  7:42  SCV  
Tags
 
Add a new tag
Caveats
  • Supply blocks, unpowered buildings, or Contaminate may cause inaccurate times.
  • Supply counts are checked every 10 seconds.